 Seeded DCSS version 0.30-a0-578-gdee14c521f (webtiles) character file.

Game seed: 20230101 (custom seed)

45393 purpskrrrp the Crack Shot (level 14, -2/79 HPs)
             Began as a Kobold Hunter on Jan 1, 2023.
             Was the Champion of Jiyva.
             Slain by a bone dragon (13 damage)
             ... on level 4 of the Abyss.
             The game lasted 00:36:00 (13452 turns).

purpskrrrp the Crack Shot (Kobold Hunter)          Turns: 13452, Time: 00:36:01

Health: -2/79      AC: 12    Str: 16      XL:     14   Next: 70%
Magic:  14/14      EV: 33    Int:  9 (10) God:    Jiyva [******]
Gold:   907        SH:  0    Dex: 26 (28) Spells: 13/13 levels left

rFire   . . .      SeeInvis .    j - +5 triple crossbow (flame)
rCold   . . .      Faith    .    (shield currently unavailable)
rNeg    . . .      Spirit   .    B - +1 robe "Kuets" {Dex+6}
rPois   +          Reflect  .    f - +1 helmet
rElec   .          Harm     .    v - +0 cloak
rCorr   +          Rampage  .    q - +2 pair of gloves
Will    +....                    (no boots)
Stlth   +++++                    p - amulet of the acrobat
HPRegen 1.93/turn                l - +4 ring of slaying
MPRegen 0.64/turn                h - +6 ring of strength

@: confused, ambrosia-drunk, slowed, very slow
A: small, no large weapons, nightstalker 3, claws 2, deterioration 1, sense
surroundings 1, poison resistance, robust 1, gelatinous body 3, translucent skin
1, MP-powered wands
a: Renounce Religion, Oozemancy, Slimify


You were on level 4 of the Abyss.
You worshipped Jiyva.
Jiyva was exalted by your worship.
You visited 1 branch of the dungeon, and saw 14 of its levels.
You visited the Abyss 2 times.
You also visited: Sewer and Gauntlet.

You collected 1066 gold pieces.
You spent 159 gold pieces at shops.

Inventory:

Hand Weapons
 a - a +0 shortbow
 g - a +3 sling of electrocution
 j - a +5 triple crossbow of flaming (weapon)
Missiles
 m - 2 throwing nets
Armour
 b - a +2 leather armour of willpower
 c - a +0 leather armour
 f - a +1 helmet (worn)
 q - a +2 pair of gloves (worn)
 v - a +0 cloak (worn)
 z - the +3 warlock's mirror {reflect}
   (You found it in a Gauntlet)

   It can block and reflect piercing ranged attacks and magical attacks against
   the wielder's willpower.
 B - the +1 robe "Kuets" (worn) {Dex+6}
   (You bought it in a shop on level 12 of the Dungeon)

   Dex:       It affects your dexterity (+6).
Jewellery
 h - a +6 ring of strength (right hand)
 k - a ring of flight
 l - a +4 ring of slaying (left hand)
 o - a ring of fire
 p - an amulet of the acrobat (around neck)
 y - a ring of fire
Wands
 x - a wand of charming (7)
Scrolls
 e - a scroll of amnesia
 r - 2 scrolls of torment
 s - 3 scrolls of identify
Potions
 u - a potion of attraction
 w - a potion of berserk rage


   Skills:
 - Level 2.4 Fighting
 * Level 22.2 Ranged Weapons
 + Level 14.8 Dodging
 + Level 17.2 Stealth


You had 13 spell levels left.
You didn't know any spells.
Your spell library contained the following spells:

 Spells                   Type           Power      Damage    Failure   Level
 Apportation              Tloc           0%         N/A       38%         1
 Necrotise                Necr           0%         1d4       38%         1
 Summon Small Mammal      Summ           0%         N/A       38%         1
 Scorch                   Fire           0%         2d5       52%         2
 Animate Dead             Necr           0%         N/A       99%         4
 Flame Wave               Conj/Fire      0%         2d4       99%         4
 Borgnjor's Vile Clutch   Necr/Erth      0%         N/A       100%        5
 Death Channel            Necr           0%         N/A       100%        6
 Summon Cactus Giant      Summ           0%         N/A       100%        6
 Malign Gateway           Summ/Tloc      0%         N/A       100%        7
 Summon Horrible Things   Summ           0%         N/A       100%        8


Dungeon Overview and Level Annotations

Branches:
Dungeon (14/15)            Temple (0/1) D:7            Lair (0/5) D:8
    Orc (0/2) D:10         Vaults (0/5) D:13          Sewer (visited)
Gauntlet (visited)

Altars:
Cheibriados
Elyvilon
Fedhas
Kikubaaqudgha
Sif Muna
Zin

Shops:
D:1 (   D:2 :   D:12 *

Portals:
Trove: D:10 (give +5 demon trident)

Annotations:
D:4 2 transporters
D:11 2 transporters, Banquo's ghost, journeyman DjAE


Innate Abilities, Weirdness & Mutations

You are small and have problems with some larger weapons.
You are completely attuned to the shadows.
You have very sharp fingernails.
Your body sometimes deteriorates upon taking damage.
You passively map a small area around you.
Your system is resistant to poisons. (rPois)
You are robust. (+10% HP)
Your gelatinous body deflects attacks. (AC +3, EV +3)
Your translucent skin slightly reduces your foes' accuracy. (Stealth+)
You expend magic power (3 MP) to strengthen your wands.


Message History

The rakshasa completely misses you. The starcursed mass misses you.
The large abomination completely misses you.
The iron imp completely misses you.
The goliath frog is engulfed in noxious fumes.
The goliath frog completely misses you.
A deafening chorus of shrieks assaults your mind!
* * * LOW HITPOINT WARNING * * *
You suddenly lose the ability to move!
The rakshasa hits you from afar with a +3 trident of freezing!
* * * LOW HITPOINT WARNING * * *
Your body deteriorates!
You feel clumsy. The rakshasa freezes you.
* * * LOW HITPOINT WARNING * * *
You can move again.
You feel better.
You feel less invigorated.
The goliath frog disappears in a puff of smoke!
The bog body disappears in a puff of smoke!
The worldbinder completely misses you. x2
The large abomination closely misses you.
A deafening chorus of shrieks assaults your mind!
* * * LOW HITPOINT WARNING * * *
You shrug off the repeated paralysis!
The rakshasa completely misses you.
The bone dragon bites you but does no damage.
The bone dragon completely misses you. x2
The starcursed mass completely misses you.
The worldbinder misses you. The worldbinder barely misses you.
The large abomination barely misses you.
The iron imp summons a swarm of flies.
You are confused.
You feel invigorated.
The swamp drake disappears in a puff of smoke!
The worldbinder calls forth creatures from the Swamp!
The rakshasa gestures at you. The lance of force hits you!
* * * LOW HITPOINT WARNING * * *
You are knocked back by the lance of force.
You slam into the rock wall!
* * * LOW HITPOINT WARNING * * *
The bone dragon bites you!
You die...

# #... .. .
#.#. # ..#..
...## . .. #
#..# R.# ...
#.. ## .F #k# #
. ...#. #####.
. ... #k### ##
#.. #.#
#.x##.###.## .
.
#2D@X5...x###..
..
#.X§X#X.....xR.
##.XR#X..
###5.# .
#..#.#...# .###
# ##..#.X#.####
.# ## ##..
.X#....∩ #
#..n#.#.... . .
#........ ...#
.
.....##...###.


You could see a bone dragon, 5 starcursed masses, a rakshasa, a large
abomination, a worldbinder, a tormentor, a swamp drake (summoned) and an iron
imp.

Vanquished Creatures
  2 tentacled starspawn (Abyss:2)
  A very ugly thing (Abyss:4)
  A minotaur (Gauntlet)
  A fire dragon (D:10)
  Erolcha (D:12)
  A vault guard (D:13)
  A boulder beetle (D:10)
  2 centaur warriors (D:13)
  2 two-headed ogres
  The ghost of BubbleThief the Grappler, a novice TrMo of Wu Jian (D:7)
  A sun demon (Abyss:3)
  3 wretched stars
  Lodul (D:12)
  5 skeletal warriors (D:12)
  5 large abominations
  A death drake (Gauntlet)
  A spectral wolf spider (Gauntlet)
  Pikel (D:6)
  4 wizards
  2 ugly things
  6 starcursed masses (Abyss:2)
  A deep elf pyromancer (D:10)
  2 cyclopes
  A spectral centaur (Gauntlet)
  An ice statue (D:11)
  2 smoke demons (Abyss:2)
  Joseph (D:10)
  Psyche (D:8)
  A gargoyle (D:12)
  Maggie (D:10)
  3 freezing wraiths
  3 ice devils
  2 ancient zymes
  5 trolls
  A hornet (D:11)
  A raiju (shapeshifter) (Abyss:4)
  A small abomination (Abyss:2)
  A raiju (Abyss:2)
  Sigmund (D:3)
  A wyvern (D:8)
  A ynoxinul (Abyss:2)
  A shadow (D:11)
  A wraith (D:11)
  8 yaks
  16 humans (D:13)
  A steam dragon (D:7)
  A neqoxec (Abyss:3)
  Grum (D:10)
  2 vampire mosquitoes (D:11)
  A hell hound (Abyss:2)
  Duvessa (D:4)
  A water moccasin (D:5)
  7 orc warriors
  2 black bears
  2 ice beasts
  8 ogres
  7 sky beasts
  2 wolves (D:10)
  3 centaurs
  A lemure (D:6)
  A phantom (D:5)
  Blork the orc (D:4)
  8 bullfrogs
  A gnoll sergeant (D:5)
  7 kobold brigands (D:10)
  2 scorpions
  A necrophage (D:7)
  A cane toad simulacrum (Gauntlet)
  12 wights
  12 killer bees
  3 howler monkeys
  3 jellies (Sewer)
  3 hounds
  3 orc priests
  Crazy Yiuf (D:6)
  An iron imp (Abyss:2)
  2 iguanas
  5 orc wizards
  A bullfrog simulacrum (D:7)
  5 centaur simulacra
  A killer bee simulacrum (D:7)
  9 adders
  15 gnolls
  3 river rats (Sewer)
  3 shadow imps
  10 white imps
  9 worms
  A dart slug (D:5)
  24 orcs
  8 ball pythons
  3 bats
  18 endoplasms
  4 giant cockroaches (Sewer)
  6 goblins
  7 hobgoblins
  13 kobolds
  2 quokkas
  7 frilled lizards
  4 rats
  A lurking horror (Abyss:2)
  2 starspawn tentacles (Abyss:2)
363 creatures vanquished.

Vanquished Creatures (collateral kills)
  A fire dragon (D:10)
  A vault guard (D:13)
  A two-headed ogre (D:10)
  A boulder beetle (D:10)
  A large abomination (Abyss:2)
  A skeletal warrior (D:10)
  A wizard (Gauntlet)
  2 cyclopes (D:10)
  A cane toad (shapeshifter) (D:10)
  A raiju (Abyss:4)
11 creatures vanquished.

Vanquished Creatures (others)
  A great orb of eyes (shapeshifter) (Abyss:4)
  A great orb of eyes (Abyss:3)
  An anaconda (shapeshifter) (Abyss:4)
  A glowing orange brain (shapeshifter) (Abyss:4)
  A glowing orange brain (Abyss:3)
  A shining eye (Abyss:3)
  A guardian serpent (shapeshifter) (Abyss:4)
  A torpor snail (shapeshifter) (Abyss:4)
  2 unseen horrors (Abyss:4)
  A slime creature (D:10)
  2 humans (D:13)
  The ghost of demibob the Poker, an amateur DsCK of Xom (D:4)
  A neqoxec (Abyss:3)
  A scorpion (D:4)
  Dowan (D:4)
  2 killer bees (D:8)
  An electric eel (D:6)
  3 howler monkeys
  2 quasits
  3 orc priests
  2 hounds
  60 jellies
  2 orc wizards
  3 adders
  A gnoll (D:10)
  A shadow imp (Abyss:2)
  A white imp (D:6)
  6 orcs
  2 hobgoblins
  5 kobolds
  26 demonic plants (Gauntlet)
  9 fungi (D:8)
  3 lurking horrors
  15 plants
  3 starspawn tentacles (Abyss:2)
167 creatures vanquished.

Grand Total: 541 creatures vanquished

Notes
Turn   | Place    | Note
-------+----------+-------------------------------------------
     0 | D:1      | purpskrrrp the Kobold Hunter began the quest for the Orb.
     0 | D:1      | Reached XP level 1. HP: 12/12 MP: 1/1
    40 | D:1      | Reached XP level 2. HP: 18/18 MP: 2/2
    92 | D:1      | Found Coskaan's Antique Weapon Boutique.
   549 | D:1      | Reached XP level 3. HP: 22/22 MP: 3/3
   862 | D:2      | Reached skill level 6 in Ranged Weapons
   888 | D:2      | Reached XP level 4. HP: 27/27 MP: 4/4
  1338 | D:2      | Found Foussoh's Book Shoppe.
  1462 | D:3      | Reached XP level 5. HP: 8/31 MP: 5/5
  1607 | D:3      | Found a glowing drain.
  1614 | D:3      | Reached skill level 7 in Ranged Weapons
  1618 | Sewer    | Entered a sewer
  1685 | Sewer    | Reached XP level 6. HP: 36/36 MP: 6/6
  1746 | Sewer    | Found a viscous altar of Jiyva.
  1865 | Sewer    | Became a worshipper of Jiyva Jaupretz the Shapeless
  1866 | Sewer    | Gained mutation: You are partially covered in iridescent
                  | scales. (AC +2) [potion of mutation]
  1866 | Sewer    | Gained mutation: You possess an exceptional clarity of
                  | mind. [potion of mutation]
  1866 | Sewer    | Gained mutation: You are clumsy. (Dex -2) [potion of
                  | mutation]
  1866 | Sewer    | Gained mutation: You have a pair of small horns on your
                  | head. [potion of mutation]
  1867 | Sewer    | Lost mutation: You are clumsy. (Dex -2) [potion of
                  | mutation]
  1867 | Sewer    | Lost mutation: You possess an exceptional clarity of mind.
                  | [potion of mutation]
  1867 | Sewer    | Lost mutation: You are partially covered in iridescent
                  | scales. (AC +2) [potion of mutation]
  1867 | Sewer    | Gained mutation: Your flesh is cold resistant. (rC+)
                  | [potion of mutation]
  1867 | Sewer    | Gained mutation: You are robust. (+10% HP) [potion of
                  | mutation]
  1867 | Sewer    | Gained mutation: You have hidden genetic potential. [potion
                  | of mutation]
  2082 | D:3      | Noticed Sigmund
  2084 | D:3      | Killed Sigmund
  2085 | D:3      | Reached skill level 8 in Ranged Weapons
  2085 | D:3      | Reached skill level 5 in Stealth
  2085 | D:3      | Reached XP level 7. HP: 44/44 MP: 7/7
  2094 | D:3      | Gained mutation: Your mind is acute. (Int +4, Str/Dex -1)
                  | [hidden potential]
  2218 | D:3      | Reached * piety under Jiyva
  2245 | D:3      | Reached skill level 5 in Dodging
  2867 | D:4      | Reached ** piety under Jiyva
  3062 | D:4      | Found a transporter.
  3108 | D:4      | Found a transporter.
  3108 | D:4      | Noticed demibob's ghost (amateur DsCK)
  3245 | D:4      | Reached skill level 9 in Ranged Weapons
  3249 | D:4      | Noticed Blork the orc
  3253 | D:4      | Killed Blork the orc
  3415 | D:4      | Killed demibob's ghost
  3693 | D:4      | Noticed Dowan
  3695 | D:4      | Noticed Duvessa
  3702 | D:4      | Killed Duvessa
  3703 | D:4      | Reached XP level 8. HP: 32/49 MP: 8/8
  3714 | D:4      | Killed Dowan
  3781 | D:4      | Identified a scroll of acquirement
  3781 | D:4      | Acquired a +5 triple crossbow of flaming
  3852 | D:5      | Entered Level 5 of the Dungeon
  3927 | D:5      | Gained mutation: You are very robust. (+20% HP) [hidden
                  | potential]
  3927 | D:5      | Lost mutation: You have hidden genetic potential. [hidden
                  | potential expressed]
  4027 | D:5      | Reached *** piety under Jiyva
  4219 | D:5      | Reached skill level 10 in Ranged Weapons
  4426 | D:5      | Lost mutation: You have a pair of small horns on your head.
                  | [Jiyva's grace]
  4426 | D:5      | Gained mutation: Armour fits poorly on your pseudopods.
                  | [Jiyva's grace]
  4426 | D:5      | Gained mutation: Armour fits poorly on your large
                  | pseudopods. [Jiyva's grace]
  4426 | D:5      | Gained mutation: Armour fits poorly on your massive
                  | pseudopods. [Jiyva's grace]
  4426 | D:5      | Gained mutation: Your flesh is very cold resistant. (rC++)
                  | [Jiyva's grace]
  4651 | D:5      | Reached **** piety under Jiyva
  4907 | D:6      | Reached XP level 9. HP: 58/58 MP: 9/9
  4923 | D:6      | Reached skill level 11 in Ranged Weapons
  5062 | D:6      | Noticed Pikel
  5066 | D:6      | Killed Pikel
  5068 | D:6      | Reached skill level 12 in Ranged Weapons
  5498 | D:6      | Noticed a troll
  5503 | D:6      | Killed a troll
  5800 | D:6      | Found a runed translucent door.
  5803 | D:6      | Noticed Crazy Yiuf
  5805 | D:6      | Killed Crazy Yiuf
  5996 | D:7      | Reached ***** piety under Jiyva
  6035 | D:7      | Reached XP level 10. HP: 64/64 MP: 10/10
  6035 | D:7      | You fall into a shaft and drop 3 floors!
  6035 | D:10     | Entered Level 10 of the Dungeon
  6145 | D:8      | Found an ancient bone altar of Kikubaaqudgha.
  6199 | D:8      | Reached skill level 13 in Ranged Weapons
  6383 | D:7      | Reached skill level 10 in Stealth
  6408 | D:7      | Lost mutation: Your mind is acute. (Int +4, Str/Dex -1)
                  | [Jiyva's grace]
  6408 | D:7      | Lost mutation: Armour fits poorly on your massive
                  | pseudopods. [Jiyva's grace]
  6408 | D:7      | Lost mutation: Armour fits poorly on your large pseudopods.
                  | [Jiyva's grace]
  6408 | D:7      | Lost mutation: Armour fits poorly on your pseudopods.
                  | [Jiyva's grace]
  6408 | D:7      | Gained mutation: Your translucent skin slightly reduces
                  | your foes' accuracy. (Stealth+) [Jiyva's grace]
  6408 | D:7      | Gained mutation: Your translucent skin reduces your foes'
                  | accuracy. (Stealth+) [Jiyva's grace]
  6408 | D:7      | Gained mutation: Your transparent skin significantly
                  | reduces your foes' accuracy. (Stealth+) [Jiyva's grace]
  6408 | D:7      | Gained mutation: Your system is resistant to poisons.
                  | (rPois) [Jiyva's grace]
  6606 | D:7      | Found a runed translucent gate.
  6606 | D:7      | Found a runed translucent gate.
  6606 | D:7      | Found a runed translucent gate.
  6683 | D:7      | Found a staircase to the Ecumenical Temple.
  6903 | D:7      | Noticed BubbleThief's ghost (novice TrMo)
  6905 | D:7      | Killed BubbleThief's ghost
  6906 | D:7      | Reached skill level 14 in Ranged Weapons
  7123 | D:8      | Noticed Psyche
  7124 | D:8      | Killed Psyche
  7124 | D:8      | Noticed a freezing wraith
  7126 | D:8      | Noticed a freezing wraith
  7126 | D:8      | Noticed an ice devil
  7194 | D:8      | Found a staircase to the Lair.
  7232 | D:8      | Noticed an ice devil
  7244 | D:8      | Found a white marble altar of Elyvilon.
  7302 | D:8      | Noticed an ice devil
  7303 | D:8      | Found a glowing silver altar of Zin.
  7307 | D:8      | Found a blossoming altar of Fedhas.
  7314 | D:8      | Killed an ice devil
  7318 | D:8      | Found a snail-covered altar of Cheibriados.
  7321 | D:8      | Found a shimmering blue altar of Sif Muna.
  7357 | D:8      | Reached skill level 15 in Ranged Weapons
  7357 | D:8      | Reached XP level 11. HP: 69/69 MP: 11/11
  7591 | D:8      | Reached skill level 10 in Dodging
  7632 | D:8      | Found the +8 frozen axe "Frostbite" {freezing cloud, *Noise
                  | Fly rC+}
  7969 | D:9      | Reached skill level 16 in Ranged Weapons
  8535 | D:10     | Noticed a fire dragon
  8541 | D:10     | Killed a fire dragon
  8543 | D:10     | Noticed a cyclops
  8544 | D:10     | Noticed a boulder beetle
  8545 | D:10     | Killed a cyclops
  8545 | D:10     | Noticed a skeletal warrior
  8549 | D:10     | Noticed a cyclops
  8549 | D:10     | Noticed a deep elf pyromancer
  8550 | D:10     | Killed a deep elf pyromancer
  8554 | D:10     | Killed a skeletal warrior
  8556 | D:10     | Killed a cyclops
  8559 | D:10     | Noticed a cyclops
  8561 | D:10     | Killed a cyclops
  8562 | D:10     | Reached skill level 17 in Ranged Weapons
  8562 | D:10     | Noticed a boulder beetle
  8567 | D:10     | Killed a boulder beetle
  8568 | D:10     | Reached XP level 12. HP: 44/76 MP: 12/12
  8568 | D:10     | Killed a boulder beetle
  8693 | D:10     | Noticed a fire dragon
  8696 | D:10     | Killed a fire dragon
  8697 | D:10     | Noticed Maggie
  8700 | D:10     | Killed Maggie
  8832 | D:10     | Found a portal to a secret trove of treasure.
  8858 | D:10     | Noticed a two-headed ogre
  8863 | D:10     | Killed a two-headed ogre
  8884 | D:10     | Noticed Grum
  8890 | D:10     | Killed Grum
  8902 | D:10     | Reached skill level 18 in Ranged Weapons
  8912 | D:10     | Found a staircase to the Orcish Mines.
  8959 | D:10     | Noticed Joseph
  8962 | D:10     | Killed Joseph
  9088 | D:10     | Identified the +3 chain mail of Shielding {rPois rF+}
  9285 | D:11     | Found a transporter.
  9295 | D:11     | Found a transporter.
  9297 | D:11     | Noticed Banquo's ghost (journeyman DjAE)
  9486 | D:11     | Reached ****** piety under Jiyva
  9531 | D:11     | Lost mutation: Your flesh is very cold resistant. (rC++)
                  | [Jiyva's grace]
  9531 | D:11     | Lost mutation: You are very robust. (+20% HP) [Jiyva's
                  | grace]
  9531 | D:11     | Lost mutation: Your transparent skin significantly reduces
                  | your foes' accuracy. (Stealth+) [Jiyva's grace]
  9531 | D:11     | Gained mutation: You have sharp fingernails. [Jiyva's
                  | grace]
  9531 | D:11     | Gained mutation: You have very sharp fingernails. [Jiyva's
                  | grace]
  9531 | D:11     | Gained mutation: You have claws for hands. [Jiyva's grace]
  9531 | D:11     | Gained mutation: You passively map a small area around you.
                  | [Jiyva's grace]
  9605 | D:11     | Found a gate leading to a gauntlet.
  9613 | Gauntlet | Entered a Gauntlet
  9625 | Gauntlet | Noticed a death drake
  9655 | Gauntlet | Found a transporter.
  9703 | Gauntlet | Found a transporter.
  9717 | Gauntlet | Found a transporter.
  9767 | Gauntlet | Found a transporter.
  9788 | Gauntlet | Found the amulet of the Four Winds {rN+ Will+++ Clar}
  9789 | Gauntlet | Found a transporter.
  9789 | Gauntlet | Found a transporter.
  9804 | Gauntlet | Found a transporter.
  9804 | Gauntlet | Found a transporter.
  9845 | Gauntlet | Found a transporter.
  9849 | Gauntlet | Found a transporter.
  9891 | Gauntlet | Found a transporter.
  9902 | Gauntlet | Killed a death drake
  9942 | Gauntlet | Found a transporter.
  9977 | Gauntlet | Reached XP level 13. HP: 39/74 MP: 13/13
  9980 | Gauntlet | Reached skill level 19 in Ranged Weapons
 10044 | Gauntlet | Noticed a minotaur
 10069 | Gauntlet | Found the +3 warlock's mirror {reflect}
 10074 | Gauntlet | Killed a minotaur
 10823 | D:12     | Reached skill level 15 in Stealth
 10928 | D:12     | Found Qiqeax's Assorted Antiques.
 10937 | D:12     | Bought a brightly glowing robe for 159 gold pieces
 10937 | D:12     | Identified the +1 robe "Kuets" {Dex+6} (You bought it in a
                  | shop on level 12 of the Dungeon)
 10987 | D:12     | Noticed Lodul
 10996 | D:12     | Reached skill level 20 in Ranged Weapons
 11001 | D:12     | Killed Lodul
 11488 | D:12     | Noticed Erolcha
 11490 | D:12     | Killed Erolcha
 11925 | D:13     | Noticed a centaur warrior
 11928 | D:13     | Killed a centaur warrior
 12125 | D:13     | Noticed a centaur warrior
 12128 | D:13     | Killed a centaur warrior
 12200 | D:13     | Lost mutation: You have claws for hands. [Jiyva's grace]
 12200 | D:13     | Lost mutation: Your flesh is cold resistant. (rC+) [Jiyva's
                  | grace]
 12200 | D:13     | Lost mutation: Your translucent skin reduces your foes'
                  | accuracy. (Stealth+) [Jiyva's grace]
 12200 | D:13     | Gained mutation: You expend magic power (3 MP) to
                  | strengthen your wands. [Jiyva's grace]
 12200 | D:13     | Gained mutation: Your rubbery body absorbs attacks. (AC +1,
                  | EV +1) [Jiyva's grace]
 12200 | D:13     | Gained mutation: Your pliable body absorbs attacks. (AC +2,
                  | EV +2) [Jiyva's grace]
 12200 | D:13     | Gained mutation: Your gelatinous body deflects attacks. (AC
                  | +3, EV +3) [Jiyva's grace]
 12593 | D:13     | Noticed a vault guard
 12596 | Abyss:2  | Cast into level 2 of the Abyss (a wizard)
 12672 | Abyss:2  | Noticed a starcursed mass
 12678 | Abyss:2  | Noticed a bone dragon
 12810 | Abyss:2  | Reached XP level 14. HP: 53/79 MP: 14/14
 12822 | Abyss:2  | Noticed a starcursed mass
 12828 | Abyss:2  | Reached skill level 21 in Ranged Weapons
 12835 | Abyss:2  | Noticed a tentacled starspawn
 12841 | Abyss:2  | Killed a tentacled starspawn
 12894 | Abyss:2  | Noticed a tentacled starspawn
 12898 | Abyss:2  | Killed a tentacled starspawn
 12981 | Abyss:3  | Gained mutation: Your body sometimes deteriorates upon
                  | taking damage. [a neqoxec]
 13033 | Abyss:3  | Noticed a balrug
 13089 | Abyss:3  | Noticed a lich
 13116 | Abyss:4  | Noticed a lich
 13207 | Abyss:4  | Noticed a dread lich
 13208 | D:13     | Escaped the Abyss
 13266 | D:13     | Reached skill level 22 in Ranged Weapons
 13290 | D:13     | Found a gate to the Vaults.
 13373 | Abyss:4  | Found a corrupted altar of Lugonu.
 13373 | Abyss:4  | Cast into level 4 of the Abyss (a wizard)
 13380 | Abyss:4  | Noticed a brown very ugly thing
 13393 | Abyss:4  | Killed a brown very ugly thing
 13438 | Abyss:4  | Noticed a starcursed mass
 13447 | Abyss:4  | Noticed a bone dragon
 13450 | Abyss:4  | Paralysed by accursed screaming for 1 turns
 13452 | Abyss:4  | Slain by a bone dragon

Illustrated notes

Levels and vault maps discovered:
D:1:      spicycebolla_arrival_ecumenical, layout_basic, serial_shops,
          nicolae_shop_behind_doors
D:2:      layout_rooms, serial_shops, nicolae_lakefront_shop,
          nicolae_eternal_life, grunt_ministairs_15
D:3:      layout_loops_corners, cheibrodos_sewer_entry_sluice,
          kennysheep_another_room, uniq_sigmund
D:4:      layout_basic, gammafunk_ghost_arena, uniq_blork_the_orc, uniq_duvessa
D:5:      layout_basic, roderic_lattice_a, hangedman_decor_growths
D:6:      layout_layer_cave, nicolae_zen_rock_garden, minivault_14, uniq_pikel,
          uniq_crazy_yiuf_cottage
D:7:      layout_loops_cross, temple_pool_b, gammafunk_ghost_icy
D:8:      layout_cave_pools, nicolae_overflow_hallway_of_the_gods,
          grunt_lair_entry_orc_guard_hut, serial_column_ruins,
          column_ruins_courtyard_long, column_ruins_hut, column_ruins_open_tiny,
          column_ruins_open_tiny, column_ruins_corridor_dead_end,
          column_ruins_open_small, column_ruins_grid_1, column_ruins_open_tiny,
          hellmonk_guarded_unrand_frostbite, uniq_psyche
D:9:      layout_loops_ring, minivault_21, chequers_serial_rivers_large_a,
          minmay_misc_feat_nine_boxes
D:10:     layout_roguey, kennysheep_orc_monster_closet_entryway, enter_trove_2,
          minivault_28, uniq_joseph, uniq_grum, uniq_maggie
D:11:     layout_loops_ring, gauntlet_entry_generic, gammafunk_ghost_stat_death,
          minivault_16, fountainhead
D:12:     layout_loops_corners, serial_shops, nicolae_shop_advertising_works
          [nicolae_subvault_shop_adworks], uniq_erolcha, uniq_lodul
D:13:     layout_roguey, grunt_vaults_entry_tiered
D:14:     kennysheep_ambush_hall, layout_small_grid, hangedman_decor_riveting,
          nicolae_vehumet_altar_sigil
Abyss:4:  base: D:12, evilmike_abyss_exit_1, lemuel_flamethrower_2,
          bh_abyss_exit_spiral, nicolae_abyss_rune_star_stuff, base: D:3,
          evilmike_abyss_exit_12, hangedman_grunt_abyss_rune_horror_hoard,
          due_exit_kobolds

Skill      XL: |  1  2  3  4  5  6  7  8  9 10 11 12 13 14 |
---------------+-------------------------------------------+-----
Stealth        | 2 3 5 7 9 11 13 14 16 17 | 17.2
Dodging        | 3 4 5 6 8 9 11 12 13 14 | 14.8
Ranged Weapons | 6 7 8 9 10 12 15 17 18 20 22 | 22.2
Fighting       | |  2.4

Action                   |  1- 3 |  4- 6 |  7- 9 | 10-12 | 13-15 || total
-------------------------+-------+-------+-------+-------+-------++-------
 Fire: Shortbow          |    26 |       |       |       |       ||    26
       Sling             |    29 |   122 |    47 |       |       ||   198
       Triple crossbow   |       |       |    60 |   273 |   256 ||   589
  Use: Scroll            |       |     5 |    16 |     5 |     4 ||    30
       Potion            |       |     3 |       |     6 |    11 ||    20
Armor: Leather armour    |     5 |     4 |     7 |    25 |     1 ||    42
       Robe              |       |       |       |       |    16 ||    16
Dodge: Dodged            |    16 |    18 |    29 |   255 |   262 ||   580

Table legend: (Time is in decaauts)
 A = Elapsed time spent in this place.
 B = Non-inter-level travel time spent in this place.
 C = Inter-level travel time spent in this place.
 D = Time resting spent in this place.
 E = Time spent auto-exploring this place.
 F = Levels seen in this place.
 G = Mean time per level.
                   A        B        C        D        E       F      G
               +--------+--------+--------+--------+--------+-----+--------+
         Total |  13790 |  13247 |    543 |    306 |  10249 |  20 |  689.5 |
       Dungeon |  12047 |  11504 |    543 |    285 |   9500 |  14 |  860.5 |
         Abyss |    704 |    704 |      0 |      0 |    287 |   4 |  176.0 |
         Sewer |    303 |    303 |      0 |      0 |    146 |   1 |  303.0 |
      Gauntlet |    734 |    734 |      0 |     21 |    316 |   1 |  734.0 |
               +--------+--------+--------+--------+--------+-----+--------+

Top non-repeatable levels by time:
     D:3: 1189 daAuts
     D:6: 1166 daAuts
    D:12: 1152 daAuts
     D:4: 1015 daAuts
    D:13: 956 daAuts
     D:7: 929 daAuts
     D:5: 898 daAuts
     D:9: 897 daAuts
     D:8: 863 daAuts
    D:10: 847 daAuts
     D:1: 814 daAuts
Gauntlet: 734 daAuts
    D:11: 722 daAuts
     D:2: 586 daAuts
 Abyss:2: 366 daAuts
